TOP OF THE 1ST |
Hartford Darth Whalers batting - Pitching for Santa Clarita Music : RHP Don Anderson
|
Pitching: RHP Don Anderson
|
|
Batting: SHB Will O'Clerkin
|
0-0: Called Strike 0-1: Fly out, F9 (Flyball, 89M)
|
Batting: LHB Alejandro Gómez
|
0-0: Swinging Strike 0-1: Ball 1-1: TRIPLE (Line Drive, 7LD)
|
Batting: RHB Ryan Thrippleton
|
0-0: Ball 1-0: Ball 2-0: Ball 3-0: Called Strike 3-1: Swinging Strike 3-2: Base on Balls
|
Batting: LHB Edgar Cameron
|
0-0: Fly out, F6 (Line Drive, 6)
|
Batting: RHB António Rojas
|
0-0: Ball 1-0: Ball 2-0: Ball 3-0: Called Strike 3-1: Foul Ball, location: 2F 3-2: Foul Ball, location: 2F 3-2: Fly out, F7 (Flyball, 7)
|
Top of the 1st over - 0 runs, 1 hit, 0 errors, 2 left on base; Hartford 0 - Santa Clarita 0 |
BOTTOM OF THE 1ST |
Santa Clarita Music batting - Pitching for Hartford Darth Whalers : RHP Preston Williams
|
Pitching: RHP Preston Williams
|
|
Batting: RHB Geoffrey Bishop
|
0-0: Ball 1-0: Called Strike 1-1: Ball 2-1: Foul Ball, location: 2F 2-2: Foul Ball, location: 2F 2-2: Strikes out looking
|
Batting: RHB Jeff Peterson
|
0-0: Ball 1-0: Called Strike 1-1: Ground out 4-3 (Groundball, 4)
|
Batting: LHB Federico Medina
|
0-0: Ball 1-0: Ball 2-0: Swinging Strike 2-1: Called Strike 2-2: Ball 3-2: SINGLE (Line Drive, 34D)
|
Batting: RHB Roberto García
|
0-0: Swinging Strike 0-1: Ball 1-1: Ball 2-1: Called Strike 2-2: Strikes out swinging
|
Bottom of the 1st over - 0 runs, 1 hit, 0 errors, 1 left on base; Hartford 0 - Santa Clarita 0 |
TOP OF THE 2ND |
Hartford Darth Whalers batting - Pitching for Santa Clarita Music : RHP Don Anderson
|
Batting: LHB Reginald Stokes
|
0-0: Ball 1-0: Called Strike 1-1: Foul Ball, location: 2F 1-2: Strikes out swinging
|
Batting: LHB Todd Gilliam
|
0-0: Ball 1-0: Foul Ball, location: 2F 1-1: Ball 2-1: Ball 3-1: Called Strike 3-2: Foul Ball, location: 2F 3-2: Fly out, F8 (Flyball, 8LS)
|
Batting: RHB Vincent Lowe
|
0-0: Called Strike 0-1: Called Strike 0-2: Foul Ball, location: 2F 0-2: Ball 1-2: SOLO HOME RUN (Flyball, 7LD), Distance : 377 ft
|
Batting: RHB Luis Mota
|
0-0: Ball 1-0: Foul Ball, location: 2F 1-1: Foul Ball, location: 2F 1-2: Strikes out looking
|
Top of the 2nd over - 1 run, 1 hit, 0 errors, 0 left on base; Hartford 1 - Santa Clarita 0 |
BOTTOM OF THE 2ND |
Santa Clarita Music batting - Pitching for Hartford Darth Whalers : RHP Preston Williams
|
Batting: LHB Daryl Thomas
|
0-0: Foul Ball, location: 2F 0-1: Ball 1-1: Called Strike 1-2: Ball 2-2: Foul Ball, location: 2F 2-2: Strikes out swinging
|
Batting: SHB Tetsu Yamada
|
0-0: Called Strike 0-1: SINGLE (Line Drive, 4MD)
|
Batting: RHB Ángel Martínez
|
0-0: Ball 1-0: Swinging Strike 1-1: Ball 2-1: SINGLE (Line Drive, 56) Tetsu Yamada to second
|
Batting: RHB Ramón Cabrera
|
0-0: Called Strike 0-1: Foul Ball, location: 2F 0-2: Ball 1-2: Ball 2-2: Ball 3-2: Base on Balls Tetsu Yamada to third Ángel Martínez to second
|
Batting: RHB Francisco Candelária
|
0-0: Called Strike 0-1: Ball 1-1: Ball 2-1: Foul Ball, location: 2F 2-2: Fly out, F7 (Flyball, 7LS) Runner from 3rd tags up, SCORES, throw made
|
Batting: RHB Geoffrey Bishop
|
0-0: Ball 1-0: Ball 2-0: Called Strike 2-1: Ground out 1-3 (Groundball, 15)
|
Bottom of the 2nd over - 1 run, 2 hits, 0 errors, 2 left on base; Hartford 1 - Santa Clarita 1 |
TOP OF THE 3RD |
Hartford Darth Whalers batting - Pitching for Santa Clarita Music : RHP Don Anderson
|
Batting: SHB Will O'Clerkin
|
0-0: Ball 1-0: Called Strike 1-1: Ball 2-1: Ground out 6-3 (Groundball, 6M)
|
Batting: LHB Alejandro Gómez
|
0-0: Ball 1-0: Ground out 5-3 (Groundball, 56S)
|
Batting: RHB Ryan Thrippleton
|
0-0: Called Strike 0-1: Fly out, F9 (Line Drive, 9S)
|
Top of the 3rd over - 0 runs, 0 hits, 0 errors, 0 left on base; Hartford 1 - Santa Clarita 1 |
BOTTOM OF THE 3RD |
Santa Clarita Music batting - Pitching for Hartford Darth Whalers : RHP Preston Williams
|
Batting: RHB Jeff Peterson
|
0-0: Ball 1-0: DOUBLE (Line Drive, 9D)
|
Batting: LHB Federico Medina
|
0-0: Foul Ball, location: 2F 0-1: Ball 1-1: Called Strike 1-2: Ball 2-2: Strikes out swinging
|
Batting: RHB Roberto García
|
0-0: Ball 1-0: Called Strike 1-1: Foul Ball, location: 2F 1-2: Ball 2-2: Foul Ball, location: 2F 2-2: Strikes out swinging
|
Batting: LHB Daryl Thomas
|
0-0: Ball 1-0: Foul Ball, location: 2F 1-1: Swinging Strike 1-2: Fly out, F5 (Popup, 5L)
|
Bottom of the 3rd over - 0 runs, 1 hit, 0 errors, 1 left on base; Hartford 1 - Santa Clarita 1 |
TOP OF THE 4TH |
Hartford Darth Whalers batting - Pitching for Santa Clarita Music : RHP Don Anderson
|
Batting: LHB Edgar Cameron
|
0-0: Ball 1-0: SINGLE (Groundball, 56S) (infield hit)
|
Batting: RHB António Rojas
|
0-0: Ball 1-0: Called Strike 1-1: Ball 2-1: Swinging Strike 2-2: Fly out, F9 (Flyball, 9)
|
Batting: LHB Reginald Stokes
|
0-0: Called Strike 0-1: Ball 1-1: Swinging Strike 1-2: SINGLE (Line Drive, 34) Edgar Cameron to second
|
Batting: LHB Todd Gilliam
|
0-0: Called Strike 0-1: Ball 1-1: Fielders Choice at 2nd, 4-6 (Groundball, 4) Edgar Cameron to third
|
Batting: RHB Vincent Lowe
|
0-0: Ball 1-0: Called Strike 1-1: Swinging Strike 1-2: Foul Ball, location: 2F 1-2: Fly out, F8 (Flyball, 8RM)
|
Top of the 4th over - 0 runs, 2 hits, 0 errors, 2 left on base; Hartford 1 - Santa Clarita 1 |
BOTTOM OF THE 4TH |
Santa Clarita Music batting - Pitching for Hartford Darth Whalers : RHP Preston Williams
|
Batting: SHB Tetsu Yamada
|
0-0: Called Strike 0-1: Called Strike 0-2: Ball 1-2: Ball 2-2: Strikes out looking
|
Batting: RHB Ángel Martínez
|
0-0: Called Strike 0-1: Called Strike 0-2: SINGLE (Line Drive, 89S)
|
Batting: RHB Ramón Cabrera
|
0-0: Called Strike 0-1: Ball 1-1: Called Strike 1-2: Ball 2-2: Foul Ball, location: 2F 2-2: Ball Ángel Martínez steals 2nd base 3-2: 2-RUN HOME RUN (Flyball, 7LD), Distance : 377 ft
|
Batting: RHB Francisco Candelária
|
0-0: Ball 1-0: Ball 2-0: Ball 3-0: Called Strike 3-1: Swinging Strike 3-2: Base on Balls
|
Batting: RHB Geoffrey Bishop
|
0-0: Grounds into double play, 4-6-3 (Groundball, 4)
|
Bottom of the 4th over - 2 runs, 2 hits, 0 errors, 0 left on base; Hartford 1 - Santa Clarita 3 |
TOP OF THE 5TH |
Hartford Darth Whalers batting - Pitching for Santa Clarita Music : RHP Don Anderson
|
Batting: RHB Luis Mota
|
0-0: Ball 1-0: Called Strike 1-1: Called Strike 1-2: Ball 2-2: SINGLE (Line Drive, 6D)
|
Batting: SHB Will O'Clerkin
|
0-0: Ball 1-0: Ball 2-0: Ground out 4-3 (Groundball, 4S) Luis Mota to second
|
Batting: LHB Alejandro Gómez
|
0-0: Reached on error, E4 (Groundball, 4) Luis Mota scores
|
Batting: RHB Ryan Thrippleton
|
0-0: Ball 1-0: Foul Ball, location: 2F 1-1: Fly out, F7 (Flyball, 78D)
|
Batting: LHB Edgar Cameron
|
0-0: Ball 1-0: Ball 2-0: Ball 3-0: Called Strike 3-1: Fly out, F7 (Flyball, 78M)
|
Top of the 5th over - 1 run, 1 hit, 1 error, 1 left on base; Hartford 2 - Santa Clarita 3 |
BOTTOM OF THE 5TH |
Santa Clarita Music batting - Pitching for Hartford Darth Whalers : RHP Preston Williams
|
Batting: RHB Jeff Peterson
|
0-0: Called Strike 0-1: Ball 1-1: Foul Ball, location: 2F 1-2: Ball 2-2: Ball 3-2: Strikes out looking
|
Batting: LHB Federico Medina
|
0-0: Ball 1-0: Foul Ball, location: 2F 1-1: Ground out 4-3 (Groundball, 4)
|
Batting: RHB Roberto García
|
0-0: Ball 1-0: Ground out 5-3 (Groundball, 56)
|
Bottom of the 5th over - 0 runs, 0 hits, 0 errors, 0 left on base; Hartford 2 - Santa Clarita 3 |
TOP OF THE 6TH |
Hartford Darth Whalers batting - Pitching for Santa Clarita Music : RHP Don Anderson
|
Pitching: LHP Nate Sharpley
|
|
Batting: RHB António Rojas
|
0-0: SINGLE (Groundball, 34D)
|
Batting: LHB Reginald Stokes
|
0-0: Called Strike 0-1: Ball 1-1: Ball 2-1: Ball 3-1: Foul Ball, location: 2F 3-2: Foul Ball, location: 2F 3-2: Strikes out swinging
|
Batting: LHB Todd Gilliam
|
0-0: Ball 1-0: Called Strike 1-1: Foul Ball, location: 2F 1-2: Foul Ball, location: 2F 1-2: Ball 2-2: Ball 3-2: Foul Ball, location: 2F 3-2: Base on Balls António Rojas to second
|
Batting: RHB Vincent Lowe
|
0-0: Reached on error, E1 (Groundball, 15S) António Rojas to third Todd Gilliam to second
|
Batting: RHB Luis Mota
|
0-0: Ball Passed Ball! António Rojas scores Todd Gilliam to third Vincent Lowe to second 1-0: Ball 2-0: Foul Ball, location: 2F 2-1: Called Strike 2-2: Foul Ball, location: 2F 2-2: Ball 3-2: Strikes out swinging
|
Batting: SHB Will O'Clerkin
|
0-0: Swinging Strike 0-1: Ball 1-1: SINGLE (Line Drive, 78S) Todd Gilliam scores Vincent Lowe to third Runner from 3rd tries for Home, SAFE, throw made home
|
Batting: LHB Alejandro Gómez
|
0-0: Ball 1-0: Ball 2-0: Swinging Strike 2-1: Ball 3-1: Foul Ball, location: 2F 3-2: Ground out 4-3 (Groundball, 34)
|
Top of the 6th over - 3 runs, 2 hits, 1 error, 1 left on base; Hartford 5 - Santa Clarita 3 |
BOTTOM OF THE 6TH |
Santa Clarita Music batting - Pitching for Hartford Darth Whalers : RHP Preston Williams
|
Batting: LHB Daryl Thomas
|
0-0: Ball 1-0: Ground out 1-3 (Groundball, 15S)
|
Batting: SHB Tetsu Yamada
|
0-0: Ball 1-0: Foul Ball, location: 2F 1-1: Foul Ball, location: 2F 1-2: Foul Ball, location: 2F 1-2: Fly out, F8 (Line Drive, 89M)
|
Batting: RHB Ángel Martínez
|
0-0: Ball 1-0: Called Strike 1-1: Ground out 4-3 (Groundball, 4)
|
Bottom of the 6th over - 0 runs, 0 hits, 0 errors, 0 left on base; Hartford 5 - Santa Clarita 3 |
TOP OF THE 7TH |
Hartford Darth Whalers batting - Pitching for Santa Clarita Music : LHP Nate Sharpley
|
Pitching: RHP Awragh Masasu
|
|
Batting: RHB Ryan Thrippleton
|
0-0: Called Strike 0-1: SINGLE (Groundball, 56D)
|
Batting: LHB Edgar Cameron
|
0-0: Ball 1-0: SINGLE (Line Drive, 56D) Ryan Thrippleton to second
|
Pinch Hitting: LHB Timothy Pierce
|
0-0: Ball Ryan Thrippleton steals 3rd base Edgar Cameron to second 1-0: Called Strike 1-1: Ball 2-1: Ball 3-1: Base on Balls
|
Pinch Hitting: RHB Jonathan Holden
|
0-0: Fly out, F9 (Flyball, 9LMF) Runner from 3rd tags up, SCORES, no throw
|
Batting: LHB Todd Gilliam
|
0-0: Foul Ball, location: 2F 0-1: Swinging Strike 0-2: Ball 1-2: SINGLE (Flyball, 89S) Edgar Cameron to third Timothy Pierce to second
|
Pinch Hitting: RHB Fernando Núñez
|
0-0: Grounds into fielders choice 3-2 (Groundball, 23) Timothy Pierce to third Todd Gilliam to second
|
Batting: RHB Luis Mota
|
0-0: Called Strike 0-1: Ball 1-1: Called Strike 1-2: Strikes out looking
|
Top of the 7th over - 1 run, 3 hits, 0 errors, 3 left on base; Hartford 6 - Santa Clarita 3 |
BOTTOM OF THE 7TH |
Santa Clarita Music batting - Pitching for Hartford Darth Whalers : RHP Preston Williams
|
Pitching: RHP Harry Bryant
|
|
Now at 1B: Timothy Pierce
|
|
Now at SS: Jeff Allen
|
|
Now in RF: Luke Nelson
|
|
Batting: RHB Ramón Cabrera
|
0-0: Called Strike 0-1: Foul Ball, location: 2F 0-2: Strikes out looking
|
Batting: RHB Francisco Candelária
|
0-0: Foul Ball, location: 2F 0-1: Ball 1-1: Foul Ball, location: 2F 1-2: Strikes out swinging
|
Batting: RHB Geoffrey Bishop
|
0-0: SINGLE (Line Drive, 8LS)
|
Batting: RHB Jeff Peterson
|
0-0: Ball 1-0: Fielders Choice at 2nd, 6-4 (Groundball, 6)
|
Bottom of the 7th over - 0 runs, 1 hit, 0 errors, 1 left on base; Hartford 6 - Santa Clarita 3 |
TOP OF THE 8TH |
Hartford Darth Whalers batting - Pitching for Santa Clarita Music : RHP Awragh Masasu
|
Batting: SHB Will O'Clerkin
|
0-0: Ball 1-0: SINGLE (Groundball, 4MD)
|
Batting: LHB Alejandro Gómez
|
0-0: Foul Ball, location: 2F 0-1: Ball 1-1: Ball 2-1: SINGLE (Line Drive, 78S) Will O'Clerkin to second
|
Batting: RHB Ryan Thrippleton
|
0-0: Called Strike 0-1: Foul Ball, location: 2F 0-2: Strikes out swinging
|
Batting: LHB Edgar Cameron
|
0-0: Swinging Strike 0-1: Grounds into double play, 5-4-3 (Groundball, 56)
|
Top of the 8th over - 0 runs, 2 hits, 0 errors, 1 left on base; Hartford 6 - Santa Clarita 3 |
BOTTOM OF THE 8TH |
Santa Clarita Music batting - Pitching for Hartford Darth Whalers : RHP Harry Bryant
|
Batting: LHB Federico Medina
|
0-0: Ball 1-0: Swinging Strike 1-1: Called Strike 1-2: Strikes out swinging
|
Batting: RHB Roberto García
|
0-0: Called Strike 0-1: Ball 1-1: Foul Ball, location: 2F 1-2: Strikes out swinging
|
Batting: LHB Daryl Thomas
|
0-0: Called Strike 0-1: Ground out 4-3 (Groundball, 4)
|
Bottom of the 8th over - 0 runs, 0 hits, 0 errors, 0 left on base; Hartford 6 - Santa Clarita 3 |
TOP OF THE 9TH |
Hartford Darth Whalers batting - Pitching for Santa Clarita Music : RHP Awragh Masasu
|
Batting: LHB Timothy Pierce
|
0-0: Ball 1-0: Swinging Strike 1-1: Ball 2-1: Ground out 4-3 (Groundball, 34D)
|
Batting: RHB Jeff Allen
|
0-0: Foul Ball, location: 2F 0-1: Swinging Strike 0-2: Ball 1-2: Foul Ball, location: 2F 1-2: Ball 2-2: Strikes out looking
|
Batting: LHB Todd Gilliam
|
0-0: Foul Ball, location: 2F 0-1: Ball 1-1: Ball 2-1: Ball 3-1: Called Strike 3-2: Foul Ball, location: 2F 3-2: Base on Balls
|
Batting: RHB Luke Nelson
|
0-0: Called Strike 0-1: Called Strike 0-2: Ball 1-2: Strikes out swinging
|
Top of the 9th over - 0 runs, 0 hits, 0 errors, 1 left on base; Hartford 6 - Santa Clarita 3 |
BOTTOM OF THE 9TH |
Santa Clarita Music batting - Pitching for Hartford Darth Whalers : RHP Harry Bryant
|
Pitching: RHP Marcos Lozano
|
|
Batting: SHB Tetsu Yamada
|
0-0: Ground out 4-3 (Groundball, 4M)
|
Batting: RHB Ángel Martínez
|
0-0: Ball 1-0: Called Strike 1-1: SINGLE (Flyball, 8RS)
|
Batting: RHB Ramón Cabrera
|
0-0: Ball 1-0: Foul Ball, location: 2F 1-1: Ball 2-1: DOUBLE (Line Drive, 78D) Ángel Martínez to third
|
Batting: RHB Francisco Candelária
|
0-0: Called Strike 0-1: Foul Ball, location: 2F 0-2: Strikes out swinging
|
Batting: RHB Geoffrey Bishop
|
0-0: Called Strike 0-1: Ball 1-1: Called Strike 1-2: Foul Ball, location: 2F 1-2: Fly out, F8 (Flyball, 89M)
|
Bottom of the 9th over - 0 runs, 2 hits, 0 errors, 2 left on base; Hartford 6 - Santa Clarita 3 |
|